 Dungeon Sprint DCSS version 0.31-a0-662-g684573625c (webtiles) character file.

Game seed: 10524819781446987433

13 rocky1 the Ruffian (level 2, -1/22 HPs)
             Began as a Djinni Shapeshifter on Aug 31, 2023.
             Slain by an orc
             ... wielding a +0 trident
              (5 damage)
             ... in the Dungeon (Sprint IX: "|||||||||||||||||||||||||||||").
             The game lasted 00:00:08 (58 turns).

rocky1 the Ruffian (Djinni Shapeshifter)              Turns: 58, Time: 00:00:08

Health: -1/22      AC:  2    Str: 13    XL:     2   Next: 50%
Gold:   0          EV: 12    Int: 11    God:
                   SH:  0    Dex: 12

rFire   + +          .
                       - Unarmed
rCold   x . .        (no shield)
rNeg    . . .        a - +0 animal skin
rPois   ∞            (helmet currently unavailable)
rElec   .            (cloak currently unavailable)
rCorr   .            (gloves currently unavailable)
SInv    .            (boots unavailable)
Will    .....        (no amulet)
Stlth   +            (no ring)
HPRegen 0.23/turn    (no ring)
MPRegen 0.00/turn

%: no teleportation, infuse magic (-2 HP)
@: beast-form, flying
A: beast (slay +2), flying, sickness immunity, fire resistance 2, cold
vulnerability 1, float, innate caster, HP casting, extra vitality 1
a: Begin Untransformation


You were in the Dungeon.
You were a hulking beast.
You visited 1 branch

Inventory:

Armour
 a - a +0 animal skin (worn)
Talismans
 c - a beast talisman (active)
 d - a flux talisman
Scrolls
 i - a scroll of blinking
Potions
 b - a potion of lignification
 e - a potion of curing
 f - a potion of heal wounds
 g - a potion of haste
 h - a potion of berserk rage


   Skills:
 + Level 1.1 Fighting
 + Level 2.6 Dodging
 + Level 4.2 Unarmed Combat
 + Level 3.8 Shapeshifting You didn't know any spells. Your spell library was empty.

Dungeon Overview and Level Annotations

Branches:
Dungeon (1/1)

Altars:


Innate Abilities, Weirdness & Mutations

You are a hulking beast.
Your limbs bulge with bestial killing power. (Slay +2)
You are flying.
You are immune to sickness and miasma.
You are immune to poison.
Your flesh is very heat resistant. (rF++)
You are vulnerable to cold. (rC-)
You float through the air rather than walking.
You learn spells naturally, not from books.
Your magical power is your life essence.
You have superior vitality. (+4 MHP)


Message History

a +0 whip; 5 stones; a kobold corpse You reach down and open the door.
An iguana, 3 orcs and an ufetubus come into view.
The orc shouts! x2; The ufetubus shouts!
The iguana hisses angrily.
The orc shouts!
You hit the ufetubus.
The ufetubus is heavily wounded.
The ufetubus hits you. x2; The ufetubus misses you.
The ufetubus barely misses you.
You closely miss the ufetubus.
The ufetubus is heavily wounded.
The ufetubus misses you. The ufetubus closely misses you.
You miss the ufetubus.
The ufetubus is heavily wounded.
The ufetubus closely misses you. The ufetubus hits you. x3
You barely miss the ufetubus.
The ufetubus is heavily wounded.
The ufetubus misses you. The ufetubus closely misses you.
You punch the ufetubus!
You kill the ufetubus!
Your Unarmed Combat skill increases to level 4!
You have reached level 2!
You hit the orc.
The orc is moderately wounded.
The orc hits you with a +0 dagger.
You hit the orc.
The orc is almost dead.
The orc hits you from afar with a +0 trident.
The orc closely misses you.
You hit the orc.
You kill the orc!
The orc closely misses you.
There is an open door, spattered with blood here.
You see here a +0 dagger.
You hit the iguana but do no damage. The iguana bites you.
* * * LOW HITPOINT WARNING * * *
The orc misses you.
You barely miss the iguana.
The orc hits you from afar with a +0 trident.
You die... ▓▓▓▓▓▓▓▓▓▓▓▓▓▓▓▓▓▓ +..oolh...)))...<▓ ▓▓▓▓▓▓▓▓▓▓▓▓▓▓▓▓▓▓

You could see an iguana and 2 orcs.

Vanquished Creatures
  An ufetubus (D)
  An orc (D)
  A bat (D)
  An endoplasm (D)
  2 kobolds (D)
  A goblin (D)
7 creatures vanquished.

Notes
Turn   | Place    | Note
-------+----------+-------------------------------------------
     0 | D        | rocky1 the Djinni Shapeshifter began the quest for the Orb.
     0 | D        | Reached XP level 1. HP: 17/17 MP: 0/0
    47 | D        | Noticed an iguana
    53 | D        | Reached skill level 4 in Unarmed Combat
    53 | D        | Reached XP level 2. HP: 14/22 MP: 0/0
    58 | D        | Slain by an orc

Illustrated notes

Levels and vault maps discovered:
D:        linesprint [early_d, line_temple, items_1, d_10, items_2, lair_1,
          lair_end, items_3, orc_1, orc_end, items_4, d_15, swamp_1, shoals_1,
          snake_1, spider_1, d_20, vaults_1, items_5, swamp_end, shoals_end,
          snake_end, spider_end, vaults_end, d_27, items_6, zot_1, zot_end,
          crypt_end, forest_end, elf_end, slime_end, tomb_end, abyss_end,
          pan_hell_end]

Skill      XL: |  1 |
---------------+----+-----
Shapeshifting  | 3 |  3.8
Unarmed Combat | 4 |  4.2
Fighting       | |  1.1
Dodging        | |  2.6

Action                     || total
---------------------------++-------
  Melee: Unarmed           ||    18
 Armour: Animal skin       ||    12
  Dodge: Dodged            ||    13

Table legend: (Time is in decaauts)
 A = Elapsed time spent in this place.
 B = Non-inter-level travel time spent in this place.
 C = Inter-level travel time spent in this place.
 D = Time resting spent in this place.
 E = Time spent auto-exploring this place.
 F = Levels seen in this place.
 G = Mean time per level.
                   A        B        C        D        E       F      G
               +--------+--------+--------+--------+--------+-----+--------+
         Total |     57 |     57 |      0 |     19 |      0 |   1 |   57.0 |
       Dungeon |     57 |     57 |      0 |     19 |      0 |   1 |   57.0 |
               +--------+--------+--------+--------+--------+-----+--------+

Top non-repeatable levels by time:
       D: 57 daAuts
